 Dungeon Crawl Stone Soup version 0.18.1-50-g88ac8fd (webtiles) character file.

5359 magog001 the Blocker (level 10, -10/54 HPs)
             Began as a Gargoyle Fighter on Oct 10, 2018.
             Was a Believer of Nemelex Xobeh.
             Mangled by an orc warrior
             ... wielding a +0 mace
              (12 damage)
             ... on level 8 of the Dungeon.
             The game lasted 00:47:38 (9810 turns).

magog001 the Blocker (Gargoyle Fighter)             Turns: 9810, Time: 00:47:38

Health: -10/54     AC: 18    Str: 27    XL:     10   Next: 65%
Magic:  10/10      EV:  5    Int:  8    God:    Nemelex Xobeh [**....]
Gold:   186        SH: 18    Dex: 10    Spells: 0 memorised, 9 levels left

rFire  . . .     SeeInvis .     q - +3 flail (curse)
rCold  . . .     Gourm    .     A - +0 plate armour
rNeg   + + .     Faith    .     i - +0 large shield
rPois  ∞         Spirit   .     (helmet restricted)
rElec  +         Dismiss  .     d - +1 cloak
rCorr  .         Reflect  .     l - +0 pair of gloves
SustAt .         Harm     .     (no boots)
MR     .....                    (no amulet)
Stlth  ..........               N - ring "Dyseat" {+Blink rN+ Dex+3 Stlth+}
                                h - +3 ring of strength

@: not resistant to hostile enchantments, extremely unstealthy
A: claws 1, horns 1, blink, clumsy 1, deformed body, frail 1, negative energy
resistance 1, electricity resistance, unbreathing, petrification resistance, rot
immunity, MP-powered wands, sturdy frame 1, AC +7
a: Blink, Renounce Religion, Evoke Blink


You were on level 8 of the Dungeon.
You worshipped Nemelex Xobeh.
Nemelex Xobeh was pleased with you.
You were not hungry.

You visited 1 branch of the dungeon, and saw 8 of its levels.

You collected 440 gold pieces.
You spent 254 gold pieces at shops.

Inventory:

Hand Weapons
 q - a cursed +3 flail (weapon)
 u - a +0 hunting sling
Missiles
 p - 55 sling bullets
 M - 3 tomahawks (quivered)
Armour
 d - a +1 cloak (worn)
 i - a +0 large shield (worn)
 l - a +0 pair of gloves (worn)
 A - a +0 plate armour (worn)
Jewellery
 f - an uncursed ring of fire {unknown}
 h - a +3 ring of strength (left hand)
 B - a +4 ring of dexterity
 N - the ring "Dyseat" (right hand) {+Blink rN+ Dex+3 Stlth+}
   (You found it on level 6 of the Dungeon)

   [ring of positive energy]

   It affects your dexterity (+3).
   It protects you from negative energy.
   It lets you blink.
   It makes you more stealthy.
Wands
 g - a wand of iceblast (6/15)
 o - a wand of random effects (2/48)
 r - a wand of digging (11/24)
 v - a wand of slowing (9/48)
 I - a wand of flame (19/48)
Scrolls
 b - a scroll of magic mapping
 c - 2 scrolls of fog
 e - 2 scrolls of identify
 j - a scroll of teleportation
 m - a scroll of enchant armour {unknown}
 z - a scroll of remove curse
Potions
 E - 2 potions of curing
 J - a potion of resistance
Miscellaneous
 n - an ornate deck of escape {drawn: 1}
 y - a plain deck of destruction {drawn: 2}
 D - a plain deck of war
Comestibles
 a - 10 chunks of flesh
 k - a beef jerky


   Skills:
 + Level 5.8 Fighting
 * Level 8.3 Maces & Flails
 + Level 6.8 Armour
 * Level 7.4 Stealth
 + Level 10.6 Shields
 + Level 0.3 Evocations


You had 9 spell levels left.
You didn't know any spells.

Dungeon Overview and Level Annotations

Branches:
Dungeon (8/15)             Temple (0/1) D:6            Lair (0/8) D:8

Altars:
Cheibriados
Dithmenos
Makhleb
Nemelex Xobeh
Ru
Sif Muna
Trog
Vehumet

Shops:
D:5 ?

Annotations:
D:8 exclusion: ice statue


Innate Abilities, Weirdness & Mutations

You are resistant to torment.
Your stone body is resilient (AC +7).
You are immune to poison.
You resist negative energy.
You are resistant to electric shocks.
You can survive without breathing.
You are immune to petrification.
You are immune to rotting.
You have sharp fingernails.
You have a pair of small horns on your head.
You can translocate small distances at will.
You are clumsy. (Dex -2)
Armour fits poorly on your strangely shaped body.
You are frail (-10% HP).
You expend magic power (3 MP) to strengthen your wands.
Your movements are slightly less encumbered by armour (ER -2).


Message History

You block the orc's attack. You block the orc warrior's attack.
The orc barely misses you. You block the orc's attack.
You see here a club.
You sock the orc!
You kill the orc!
You block the orc warrior's attack. You block the orc's attack.
You block the orc warrior's attack.
Items here: $ )) [ †† You sock the orc warrior!
Your headbutt misses the orc warrior.
The orc warrior is moderately wounded.
The orc warrior hits you with a mace.
* * * LOW HITPOINT WARNING * * *
You block the orc's attack.
Your shield and plate armour prevent you from hitting the orc warrior.
You headbutt the orc warrior.
The orc warrior is moderately wounded.
The orc warrior hits you with a mace!
You die...
Your body disappears without a glow.

.. #............##
....... #.............)
.......###...........###
.......#.............#
.....................##
..<........$.##§§......#
............##§§§..###.#
...........##.§§§.##(##.
.......@o.##...§§##..(##
.......o.##$.8..##.....#
.........###...##....)##
.....#....###$##.....###
#.##.#..#..####.....####
. .........##......###..
.....................#
.....$.......#.##.#####
...............##.#####


You could see an orc warrior and an orc.

Vanquished Creatures
  An orange crystal statue (D:8)
  The ghost of magog001 the Basher, a novice GrFi (D:6)
  Joseph (D:7)
  Sigmund (D:2)
  A wyvern (D:8)
  3 hungry ghosts (D:7)
  A hippogriff (D:7)
  A sky beast (D:7)
  A swamp drake (D:8)
  An ice beast (D:5)
  A phantom (D:7)
  2 orc warriors
  An ogre (D:8)
  A centaur (D:5)
  A crocodile (D:8)
  3 giant frogs
  A scorpion (D:7)
  15 killer bees
  5 wights (D:6)
  6 howler monkeys
  A giant frog zombie (D:7)
  A crimson imp (D:5)
  3 hounds
  4 jellies (D:7)
  Crazy Yiuf (D:2)
  A gnoll shaman (D:5)
  An orc priest (D:8)
  An iguana (D:8)
  Ijyb (D:3)
  Terence (D:2)
  3 orc wizards
  Natasha (thrice) (D:2)
  7 worker ants
  A sheep (D:8)
  2 hound skeletons
  10 adders
  8 gnolls
  A river rat (D:8)
  2 shadow imps
  An ooze (D:1)
  2 adder skeletons (D:4)
  3 worms
  2 dart slugs
  7 giant geckos
  13 orcs
  3 giant cockroaches
  5 goblins
  9 hobgoblins
  11 jackals
  5 quokkas
  2 ball pythons (D:2)
  5 bats
  10 giant newts
  9 kobolds
  A quokka skeleton (D:4)
  7 rats
195 creatures vanquished.

Vanquished Creatures (others)
  A jelly (D:8)
  2 orc wizards (D:7)
  A jackal (D:8)
4 creatures vanquished.

Grand Total: 199 creatures vanquished

Notes
Turn   | Place    | Note
--------------------------------------------------------------
     0 | D:1      | magog001 the Gargoyle Fighter began the quest for the Orb.
     0 | D:1      | Reached XP level 1. HP: 14/14 MP: 1/1
   218 | D:1      | Reached XP level 2. HP: 13/19 MP: 2/2
   904 | D:1      | Reached XP level 3. HP: 22/23 MP: 3/3
  1504 | D:2      | Noticed Terence
  1516 | D:2      | Killed Terence
  1516 | D:2      | Reached skill level 1 in Stealth
  1516 | D:2      | Reached XP level 4. HP: 20/28 MP: 4/4
  1556 | D:2      | Found a shadowy altar of Dithmenos.
  1566 | D:2      | Reached skill level 4 in Shields
  1750 | D:2      | Found a sparkling altar of Nemelex Xobeh.
  1766 | D:2      | Became a worshipper of Nemelex Xobeh the Trickster
  1883 | D:2      | Noticed Sigmund
  1894 | D:2      | HP: 1/29 [Sigmund/scythe (6)]
  2239 | D:2      | Killed Sigmund
  2239 | D:2      | Reached skill level 5 in Shields
  2239 | D:2      | Reached XP level 5. HP: 33/33 MP: 5/5
  2239 | D:2      | Reached XP level 6. HP: 38/38 MP: 6/6
  2488 | D:2      | Noticed Crazy Yiuf
  2498 | D:2      | Killed Crazy Yiuf
  2558 | D:2      | Noticed Natasha
  2579 | D:2      | Killed Natasha
  2685 | D:2      | Noticed Natasha
  2713 | D:2      | Killed Natasha
  3027 | D:2      | Noticed Natasha
  3036 | D:2      | Killed Natasha
  3179 | D:3      | Noticed Ijyb
  3210 | D:3      | Killed Ijyb
  3226 | D:3      | Received a gift from Nemelex Xobeh
  4433 | D:4      | Reached XP level 7. HP: 42/43 MP: 7/7
  4489 | D:4      | Reached * piety under Nemelex Xobeh
  4613 | D:4      | Received a gift from Nemelex Xobeh
  5137 | D:5      | Entered Level 5 of the Dungeon
  5137 | D:5      | Found Hidust's Magic Scroll Shop.
  5168 | D:5      | Bought a scroll of identify for 30 gold pieces
  5168 | D:5      | Bought a scroll of enchant weapon for 112 gold pieces
  5168 | D:5      | Bought a scroll of magic mapping for 52 gold pieces
  5193 | D:5      | Reached skill level 6 in Shields
  5411 | D:5      | Reached skill level 5 in Armour
  5436 | D:5      | Reached XP level 8. HP: 35/48 MP: 8/8
  5619 | D:5      | Found a radiant altar of Vehumet.
  5728 | D:5      | Bought a scroll of identify for 30 gold pieces
  5728 | D:5      | Bought a scroll of identify for 30 gold pieces
  5816 | D:6      | Reached ** piety under Nemelex Xobeh
  5982 | D:6      | Got a clouded iron ring
  5996 | D:6      | Identified the ring "Dyseat" {+Blink rN+ Dex+3 Stlth+} (You found it on level 6 of the Dungeon)
  6018 | D:6      | Reached skill level 7 in Shields
  6164 | D:6      | Found a staircase to the Ecumenical Temple.
  6299 | D:6      | Reached skill level 5 in Maces & Flails
  6428 | D:6      | Noticed magog001's ghost (novice GrFi)
  6444 | D:6      | Killed magog001's ghost
  6444 | D:6      | Reached skill level 5 in Stealth
  6444 | D:6      | Reached XP level 9. HP: 7/52 MP: 9/9
  6655 | D:6      | Reached skill level 8 in Shields
  6790 | D:6      | Gained mutation: You have sharp fingernails. [potion of mutation]
  6790 | D:6      | Gained mutation: Your movements are slightly less encumbered by armour (ER -2). [potion of mutation]
  6790 | D:6      | Gained mutation: You expend magic power (3 MP) to strengthen your wands. [potion of mutation]
  6977 | D:6      | Found a burning altar of Makhleb.
  6987 | D:6      | Noticed a green death
  6991 | D:6      | Noticed a hellwing
  6991 | D:6      | Noticed an orange demon
  7133 | D:7      | Found a deep blue altar of Sif Muna.
  7144 | D:7      | Found a bloodstained altar of Trog.
  7188 | D:7      | Received a gift from Nemelex Xobeh
  7215 | D:7      | Noticed Joseph
  7243 | D:7      | Killed Joseph
  7368 | D:7      | Found a snail-covered altar of Cheibriados.
  7442 | D:7      | Gained mutation: You can translocate small distances at will. [potion of mutation]
  7442 | D:7      | Gained mutation: You are clumsy. (Dex -2) [potion of mutation]
  7442 | D:7      | Gained mutation: Armour fits poorly on your strangely shaped body. [potion of mutation]
  7587 | D:7      | Found a sacrificial altar of Ru.
  7791 | D:7      | Reached skill level 5 in Fighting
  8245 | D:7      | Reached skill level 9 in Shields
  8370 | D:7      | Reached XP level 10. HP: 56/59 MP: 10/10
  8592 | D:7      | Gained mutation: You have a pair of small horns on your head. [potion of mutation]
  8592 | D:7      | Gained mutation: You are frail (-10% HP). [potion of mutation]
  9067 | D:8      | Noticed an orange crystal statue
  9090 | D:8      | Killed an orange crystal statue
  9090 | D:8      | Reached skill level 10 in Shields
  9215 | D:8      | Found a staircase to the Lair.
  9582 | D:8      | Noticed an ice statue
  9809 | D:8      | HP: 1/54 [orc warrior/mace (4)]
  9810 | D:8      | Mangled by an orc warrior

Skill      XL: |  1  2  3  4  5  6  7  8  9 10 |
---------------+-------------------------------+-----
Stealth        | 1 2 3 5 6 7 |  7.4
Shields        | 5 6 7 9 10 | 10.6
Fighting       | 4 5 |  5.8
Maces & Flails | 3 4 6 7 8 |  8.3
Armour         | 4 5 6 |  6.8
Evocations     | |  0.3

Action                   |  1- 3 |  4- 6 |  7- 9 | 10-12 || total
-------------------------+-------+-------+-------+-------++-------
Melee: Flail             |   115 |   274 |   500 |   232 ||  1121
       Headbutt          |       |       |       |    25 ||    25
Throw: Tomahawk          |       |       |       |     3 ||     3
Evoke: Wand              |       |     1 |     2 |     4 ||     7
       Deck              |       |       |       |     3 ||     3
  Use: Potion            |     1 |     2 |    16 |     3 ||    22
       Scroll            |       |       |    12 |     2 ||    14
  Eat: Chunk             |     1 |     4 |    10 |     6 ||    21
       Bread ration      |     1 |       |     2 |       ||     3
       Beef jerky        |       |     1 |     1 |       ||     2
       Royal jelly       |       |     1 |       |       ||     1
       Fruit             |       |       |     3 |       ||     3
       Meat ration       |       |       |     1 |       ||     1
       Pizza             |       |       |     1 |       ||     1
Armor: Scale mail        |    80 |    91 |       |       ||   171
       Plate armour      |       |    68 |   268 |    98 ||   434
       Skin              |       |       |       |    18 ||    18
Dodge: Dodged            |    32 |    44 |    65 |    40 ||   181
Block: Shield            |    29 |       |       |       ||    29
       Large shield      |    76 |   261 |   544 |   283 ||  1164
